 Dungeon Crawl Stone Soup version 0.17.1-3-g152610e (webtiles) character file.

27794 Jerry the Cleaver (level 13, -5/108 HPs)
             Began as a Deep Dwarf Berserker on Mar 7, 2016.
             Was an Elder of Trog.
             Slain by a four-headed hydra (13 damage)
             ... on level 3 of the Lair of Beasts on Mar 8, 2016.
             The game lasted 02:47:21 (15326 turns).

Jerry the Cleaver (Deep Dwarf Berserker)           Turns: 15326, Time: 02:47:21

Health: -5/108     AC: 15    Str: 27    XL:     13   Next: 6%
Magic:  11/11      EV: 12    Int:  7    God:    Trog [****..]
Gold:   338        SH:  0    Dex: 16    Spells: 0 memorised, 12 levels left

rFire  . . .     SeeInvis .     J - +2 battleaxe (flame)
rCold  + . .     Clarity  .     z - +4 ring mail {rC+}
rNeg   . . .     SustAt   .     (shield currently unavailable)
rPois  .         Gourm    .     y - +0 helmet
rElec  .         Spirit   .     (no cloak)
rCorr  .         Warding  .     b - +0 pair of gloves
rMut   +         Stasis   .     (no boots)
MR     +....                    X - amulet of resist mutation
Stlth  +.........               v - +4 ring of dexterity
                                e - +5 ring of evasion

@: non-regenerating, somewhat resistant to hostile enchantments, very unstealthy
A: damage resistance, recharge devices, sense surroundings 2, slow regeneration
3
a: Device Recharging, Berserk, Trog's Hand, Brothers in Arms, Burn Spellbooks,
Renounce Religion


You were on level 3 of the Lair of Beasts.
You worshipped Trog.
Trog was greatly pleased with you.
You were not hungry.

You visited 3 branches of the dungeon, and saw 16 of its levels.

You collected 732 gold pieces.
You spent 394 gold pieces at shops.

Inventory:

Hand Weapons
 f - a +0 war axe
 J - a +2 battleaxe of flaming (weapon)
Missiles
 E - 4 exploding tomahawks (quivered)
Armour
 b - a +0 pair of gloves (worn)
 p - a +2 scale mail of cold resistance
 y - a +0 helmet (worn)
 z - a +4 ring mail of cold resistance (worn)
 D - a +0 shield
Jewellery
 e - a +5 ring of evasion (left hand)
 n - an uncursed ring of flight
 v - a +4 ring of dexterity (right hand)
 X - an amulet of resist mutation (around neck)
Wands
 a - a wand of flame (19)
 c - a wand of heal wounds (2)
 h - a wand of cold (8)
 x - a wand of flame (14)
 A - a wand of slowing (10)
 C - a wand of paralysis (9)
Scrolls
 i - 3 scrolls of magic mapping
 l - 6 scrolls of teleportation
 r - 3 scrolls of enchant weapon
 t - 2 scrolls of identify
 F - a scroll of fear
 G - a scroll of blinking
 H - 2 scrolls of fog
 V - a scroll of remove curse
Potions
 g - 6 potions of curing
 j - 3 potions of agility
 k - a potion of magic {unknown}
 s - 2 potions of heal wounds {unknown}
 u - 2 potions of might {unknown}
 L - 3 potions of degeneration {unknown}
 O - 3 potions of haste {unknown}
 P - 2 potions of lignification {unknown}
 S - a potion of cancellation {unknown}
 U - 2 potions of resistance {unknown}
Books
 I - a book of Geomancy

   Spells                             Type                      Level
   a - Sandblast                      Earth                        1
   b - Stoneskin                      Transmutation/Earth          2
   c - Passwall                       Transmutation/Earth          3
   d - Stone Arrow                    Conjuration/Earth            3
   e - Petrify                        Transmutation/Earth          4
   f - Lee's Rapid Deconstruction     Earth                        5
   Trog disapproves of the use of such an item.
 K - a book of Annihilations

   Spells                             Type                      Level
   a - Poison Arrow                   Conjuration/Poison           6
   b - Chain Lightning                Conjuration/Air              8
   c - Lehudib's Crystal Spear        Conjuration/Earth            8
   d - Glaciate                       Conjuration/Ice              9
   e - Fire Storm                     Conjuration/Fire             9
   Trog disapproves of the use of such an item.
Comestibles
 d - 11 bread rations
 o - 2 meat rations
 B - a beef jerky


   Skills:
 - Level 4.5 Fighting
 + Level 13.9 Axes
 + Level 13.7 Armour
 - Level 2.1 Dodging
 * Level 13.2 Shields


You had 12 spell levels left.
You didn't know any spells.

Dungeon Overview and Level Annotations

Branches:
Dungeon (12/15)            Temple (1/1) D:5            Lair (3/8) D:9
    Orc (0/4) D:12
  Swamp: Lair:3-6    Shoals: Lair:3-6     Snake: Lair:3-6    Spider: Lair:3-6

Altars:
Ashenzari
Cheibriados
Dithmenos
Elyvilon
Fedhas
Gozag
Kikubaaqudgha
Makhleb
Nemelex Xobeh
Okawaru
Qazlal
Ru
Sif Muna
Trog
Vehumet
Xom
Yredelemnul
Zin
The Shining One

Shops:
D:5 [[%   D:6 *   D:7 %   D:10 *   D:12 ([


Innate Abilities, Weirdness & Mutations

You are resistant to damage.
You can recharge devices by infusing magical energy.
You passively map the area around you.
You do not regenerate naturally.


Message History

The four-headed hydra barely misses you.
The four-headed hydra bites you.
* * * LOW HITPOINT WARNING * * *
You continue eating.
The four-headed hydra bites you!
* * * LOW HITPOINT WARNING * * *
The four-headed hydra bites you.
The four-headed hydra closely misses you.
The four-headed hydra misses you.
You continue eating.
The four-headed hydra bites you. x2
* * * LOW HITPOINT WARNING * * *
The four-headed hydra bites you but does no damage.
The four-headed hydra bites you.
You finish eating.
That bread ration really hit the spot!
Okay, then.
You can't go down here!
The four-headed hydra bites you but does no damage.
The four-headed hydra bites you!
You die...

#####.......###### #####.#>.
##........#.# ####.###..#.
#....#......### ###...#.#.#..#
#..#..#.......###........##..#
##..#....#.......#.........#..#
##..##.......#...............#.#
#P...#........#P.....P..........
##..##............P.....#.....>.#
.#.##...........@............##..
....#..........D....P.....#######
...#.#............####.....# ####
..###.............###...######.#.
.## #P...........###....# ##...#
.## #...........####...## #.....
..# ##..........###....# #.....
..# ##.......###...#P## #.....
..# ##..###P###P...### ##.....


You could see a four-headed hydra.

Vanquished Creatures
  Gastronok (D:10)
  Snorg (Lair:3)
  Fannar (Lair:2)
  Harold (D:10)
  Erolcha (D:10)
  4 slime creatures (D:9)
  An unseen horror (D:11)
  Pikel (D:7)
  An orc knight (D:12)
  An ugly thing (D:12)
  A manticore (D:12)
  The ghost of Sanvar the Gusty, a novice TeAE of Qazlal (D:6)
  2 komodo dragons
  2 spiny frogs
  2 trolls (D:11)
  2 two-headed ogres
  18 yaks
  A spriggan (D:7)
  Sigmund (D:6)
  3 wraiths (D:10)
  The ghost of Sanvar the Gusty, an amateur TeAE of Qazlal (D:4)
  2 deep elf magi
  3 wyverns
  A human (D:3)
  Grum (D:11)
  A deep elf fighter (D:9)
  2 hungry ghosts
  12 wolves
  4 hippogriffs
  2 mottled dragons (D:11)
  A wasp (D:11)
  7 porcupines
  3 slaves (D:7)
  4 ogres
  3 water moccasins
  4 phantoms
  An eye of draining (D:10)
  2 ice beasts
  2 sky beasts
  2 necrophages
  4 crocodiles
  A black bear (D:11)
  5 orc warriors
  6 centaurs
  7 giant frogs
  A brain worm (D:11)
  Blork the orc (D:6)
  A big kobold (D:12)
  A water moccasin zombie (D:5)
  2 wyvern skeletons (D:8)
  19 killer bees
  12 wights
  3 centaur zombies
  A crimson imp (D:5)
  6 orc priests
  A jelly (D:12)
  2 centaur skeletons
  A giant frog zombie (D:9)
  7 hounds
  A giant frog skeleton (D:11)
  6 orc wizards
  3 iguanas
  A quasit (D:12)
  8 worker ants
  A hound zombie (D:7)
  2 hound skeletons
  A worker ant zombie (D:10)
  5 gnolls
  15 adders
  27 river rats
  3 shadow imps
  2 oozes
  2 adder zombies
  An adder skeleton (D:6)
  2 worms
  5 giant geckos
  31 orcs
  3 ball pythons
  6 giant cockroaches
  9 goblins
  11 hobgoblins
  7 jackals
  2 quokkas
  18 bats
  8 giant newts
  A jackal skeleton (D:7)
  13 kobolds
  A kobold skeleton (D:3)
  A quokka skeleton (D:9)
  20 rats
  2 plants (D:9)
403 creatures vanquished.

Vanquished Creatures (collateral kills)
  Josephine (D:10)
  The ghost of urm the Cleaver, a novice HOCK of Xom (D:9)
  5 skeletal warriors (D:11)
  2 wolves (D:11)
  A wight (D:11)
  An iguana (D:10)
  A bat (D:9)
12 creatures vanquished.

Vanquished Creatures (others)
  16 fungi
  8 plants
24 creatures vanquished.

Grand Total: 439 creatures vanquished

Notes
Turn   | Place    | Note
--------------------------------------------------------------
     0 | D:1      | Jerry the Deep Dwarf Berserker began the quest for the Orb.
     0 | D:1      | Reached XP level 1. HP: 20/20 MP: 1/1
    87 | D:1      | Reached XP level 2. HP: 18/27 MP: 2/2
   257 | D:1      | Reached ** piety under Trog
   482 | D:1      | Reached XP level 3. HP: 33/33 MP: 3/3
   679 | D:2      | Reached skill level 4 in Axes
  1420 | D:2      | Found an ancient bone altar of Kikubaaqudgha.
  1538 | D:3      | Found a runed door.
  1538 | D:3      | Noticed a human
  1546 | D:3      | Reached skill level 1 in Shields
  1546 | D:3      | Reached XP level 4. HP: 37/40 MP: 4/4
  1548 | D:3      | Found a basalt altar of Yredelemnul.
  1552 | D:3      | Reached *** piety under Trog
  1685 | D:3      | Killed a human
  1685 | D:3      | Reached skill level 5 in Axes
  1685 | D:3      | Reached XP level 5. HP: 36/46 MP: 5/5
  1881 | D:3      | Reached XP level 6. HP: 55/55 MP: 6/6
  2022 | D:3      | HP: 1/55 [orc priest/divine providence (10)]
  2023 | D:3      | Noticed an orc warrior
  2044 | D:3      | Killed an orc warrior
  2044 | D:3      | Reached skill level 5 in Armour
  2129 | D:3      | Found a faded altar to an unknown god.
  2491 | D:3      | Found a blossoming altar of Fedhas.
  2491 | D:3      | Found an opulent altar of Gozag.
  2491 | D:3      | Found an iron altar of Okawaru.
  2542 | D:3      | Found a basalt altar of Yredelemnul.
  2633 | D:3      | Reached **** piety under Trog
  2815 | D:4      | Reached XP level 7. HP: 61/61 MP: 6/6
  2952 | D:4      | Reached skill level 6 in Axes
  3030 | D:4      | Noticed Sanvar's ghost (amateur TeAE)
  3037 | D:4      | Killed Sanvar's ghost
  3395 | D:5      | Entered Level 5 of the Dungeon
  3518 | D:5      | Found a staircase to the Ecumenical Temple.
  3580 | D:5      | Reached skill level 7 in Axes
  3651 | D:5      | Reached XP level 8. HP: 54/68 MP: 7/7
  3812 | Temple   | Entered the Ecumenical Temple
  3982 | D:5      | Found Juakkipo's Armour Boutique.
  4193 | D:5      | Found Woytwoenn's Armour Shoppe.
  4452 | D:5      | Found Jialeudd's Food Boutique.
  4619 | D:6      | Found a shadowy altar of Dithmenos.
  4700 | D:6      | Reached ***** piety under Trog
  4700 | D:6      | Received a gift from Trog
  4700 | D:6      | Reached skill level 8 in Axes
  4795 | D:6      | Noticed Blork the orc
  4805 | D:6      | Killed Blork the orc
  5004 | D:6      | Found Ymiricua's Assorted Antiques.
  5015 | D:6      | Noticed Sanvar's ghost (novice TeAE)
  5026 | D:6      | Killed Sanvar's ghost
  5026 | D:6      | Reached skill level 9 in Axes
  5034 | D:6      | Bought 3 scrolls labeled WUQEPUSEWN for 63 gold pieces
  5299 | D:6      | Gained mutation: You passively map the area around you. [Deep Dwarf growth]
  5299 | D:6      | Reached XP level 9. HP: 46/74 MP: 8/8
  5371 | D:6      | Found a stormy altar of Qazlal.
  5414 | D:6      | Noticed Sigmund
  5423 | D:6      | Killed Sigmund
  5967 | D:7      | Noticed Pikel
  6058 | D:7      | Found Hogad's Food Shoppe.
  6082 | D:7      | Killed Pikel
  6082 | D:7      | Reached skill level 10 in Axes
  6082 | D:7      | Reached skill level 10 in Armour
  6672 | D:8      | Reached skill level 11 in Axes
  6951 | D:8      | Reached XP level 10. HP: 64/81 MP: 9/9
  7478 | D:8      | Received a gift from Trog
  7826 | D:9      | Reached skill level 5 in Shields
  8080 | D:9      | Received a gift from Trog
  8362 | D:9      | Found a radiant altar of Vehumet.
  8456 | D:9      | Noticed urm's ghost (novice HOCK)
  8497 | D:9      | Killed urm's ghost
  8770 | D:9      | Reached XP level 11. HP: 83/93 MP: 10/10
  8853 | D:9      | Found a staircase to the Lair.
  9026 | D:9      | Found a deep blue altar of Sif Muna.
  9126 | Lair:1   | Entered Level 1 of the Lair of Beasts
  9149 | Lair:1   | Reached skill level 12 in Axes
 10101 | Lair:1   | Noticed an eight-headed hydra
 10133 | Lair:2   | Noticed Fannar
 10155 | Lair:2   | Killed Fannar
 10711 | Lair:2   | Reached skill level 10 in Shields
 11386 | Lair:3   | Noticed Snorg
 11404 | Lair:3   | Killed Snorg
 11822 | Lair:3   | Reached XP level 12. HP: 64/100 MP: 11/11
 11886 | Lair:3   | Noticed a six-headed hydra
 12048 | D:10     | Entered Level 10 of the Dungeon
 12060 | D:10     | Noticed Harold
 12115 | D:10     | Killed Harold
 12115 | D:10     | Reached ****** piety under Trog
 12235 | D:10     | Reached skill level 13 in Axes
 12329 | D:10     | Found Tet Woimn's General Store.
 12403 | D:10     | Found a glowing silver altar of Zin.
 12405 | D:10     | Noticed Josephine
 12423 | D:10     | Killed Josephine
 12520 | D:10     | Noticed Gastronok
 12542 | D:10     | Killed Gastronok
 12879 | D:10     | Found a sacrificial altar of Ru.
 12924 | D:10     | Noticed Erolcha
 12943 | D:10     | Killed Erolcha
 13026 | D:11     | Noticed Grum
 13048 | D:11     | Killed Grum
 13905 | D:11     | Paralysed by a wasp for 2 turns
 14429 | D:12     | Found Boumya's Armour Boutique.
 14429 | D:12     | Found a staircase to the Orcish Mines.
 14429 | D:12     | Found Ynoeten's Weapon Boutique.
 14707 | D:12     | Reached XP level 13. HP: 108/108 MP: 11/11
 14990 | D:12     | Bought a +2 battleaxe of flaming for 331 gold pieces
 15326 | Lair:3   | Slain by a four-headed hydra

Action                   |  1- 3 |  4- 6 |  7- 9 | 10-12 | 13-15 || total
-------------------------+-------+-------+-------+-------+-------++-------
Melee: Hand axe          |   144 |   163 |   228 |       |       ||   535
       War axe           |       |       |   194 |   942 |    38 ||  1174
       Battleaxe         |       |       |       |       |     3 ||     3
Throw: Tomahawk          |       |       |       |     1 |       ||     1
Invok: Berserk           |     4 |     5 |    18 |    29 |     2 ||    58
       Trog's Hand       |       |     2 |     3 |     8 |       ||    13
       Brothers in Arms  |       |       |       |     3 |       ||     3
 Abil: Device Recharging |       |     1 |       |     1 |       ||     2
Evoke: Wand              |     1 |     5 |     2 |    24 |       ||    32
  Use: Scroll            |       |       |    17 |    13 |     1 ||    31
 Stab: Distracted        |       |       |     1 |       |       ||     1
  Eat: Chunk             |     5 |    10 |    26 |    26 |     4 ||    71
       Meat ration       |       |       |     1 |     4 |       ||     5
       Beef jerky        |       |       |     1 |       |       ||     1
       Fruit             |       |       |       |     3 |       ||     3
       Bread ration      |       |       |       |     3 |     1 ||     4
